 Dungeon Crawl Stone Soup version 0.31.0-11-ge490571c62 (webtiles) character file.

Game seed: 10752524479460940484

51 Flugkiller the Trooper (level 3, 34/34 HPs)
             Began as a Minotaur Fighter on Jan 28, 2024.
             Was a Follower of Qazlal.
             Quit the game on level 2 of the Dungeon.
             The game lasted 00:00:38 (1695 turns).

Flugkiller the Trooper (Minotaur Fighter)           Turns: 1695, Time: 00:00:39

Health: 34/34      AC:  9    Str: 22    XL:     3   Next: 57%
Magic:  2/2        EV:  8    Int:  5    God:    Qazlal [*.....]
Gold:   58         SH:  6    Dex:  9    Spells: 2/2 levels left

rFire   . . .        a - +0 war axe
rCold   . . .        c - +0 buckler
rNeg    . . .        l - +0 chain mail
rPois   .            (helmet restricted)
rElec   .            (no cloak)
rCorr   .            (no gloves)
SInv    .            (no boots)
Will    .....        (no amulet) Stlth
                     (no ring)
HPRegen 0.25/turn    (no ring)
MPRegen 0.08/turn

%: no passive effects
@: no status effects
A: horns 2, retaliatory headbutt
a: Renounce Religion


You were on level 2 of the Dungeon.
You worshipped Qazlal.
Qazlal was aware of your devotion.
You visited 1 branch of the dungeon, and saw 2 of its levels.

You collected 58 gold pieces.

Inventory:

Hand Weapons
 a - a +0 war axe (weapon)
Armour
 b - a +0 scale mail
 c - a +0 buckler (worn)
 l - a +0 chain mail (worn)
   (You found it on level 1 of the Dungeon)
Jewellery
 f - an amulet of guardian spirit
   (You found it on level 1 of the Dungeon)
Scrolls
 e - a scroll of amnesia {unknown}
 h - a scroll of identify {unknown}
 i - a scroll of blinking {unknown}
 j - 2 scrolls of fear {unknown}
 n - a scroll of enchant weapon {unknown}
 o - a scroll of vulnerability {unknown}
Potions
 d - a potion of might
 g - 2 potions of curing {unknown}
 k - a potion of degeneration {unknown}
 m - a potion of berserk rage {unknown}


   Skills:
 * Level 4.4 Fighting
 * Level 3.4 Axes
 + Level 4.0 Armour
 + Level 4.0 Shields


You had 2 spell levels left.
You didn't know any spells.
Your spell library contained the following spells:

 Spells                   Type           Power      Damage    Failure   Level
 Lesser Beckoning         Tloc           0%         N/A       99%         2
 Gell's Gravitas          Tloc           0%         N/A       100%        3
 Inner Flame              Hex/Fire       0%         N/A       100%        3
 Teleport Other           Tloc           0%         N/A       100%        3
 Irradiate                Conj/Alch      0%         3d11      100%        5
 Ignition                 Fire           0%         3d3       100%        8


Dungeon Overview and Level Annotations

Branches:
Dungeon (2/15)

Altars:
Elyvilon
Qazlal

Shops:
D:2 (

Annotations:
D:2 1 runed translucent door, Crazy Yiuf


Innate Abilities, Weirdness & Mutations

You have a pair of horns on your head.
You reflexively headbutt those who attack you in melee.


Message History

You closely miss the goblin. You block the goblin's attack.
Robin flexes a bicep menacingly.
You completely miss the goblin. You headbutt the goblin.
You kill the goblin!
A goblin comes into view. It is wielding a +0 dagger.
Robin throws the goblin at you! The hobgoblin hits you.
You have reached level 3!
Your experience leads to an increase in your attributes!
Increase (s)trength, (i)ntelligence, or (d)exterity?
You feel stronger. x2
You closely miss the goblin. You slash the hobgoblin!
You kill the hobgoblin!
The goblin hits you but does no damage.
You slash the ribbon worm! You headbutt the ribbon worm!
You kill the ribbon worm!
You closely miss the goblin.
The hobgoblin no longer looks unusually strong.
The goblin closely misses you.
Robin roars a battlecry!
The hobgoblin goes into a battle-frenzy!
You block the goblin's attack.
You closely miss the goblin. You hit the hobgoblin but do no damage.
The hobgoblin hits you but does no damage.
Robin roars a battlecry!
The goblin hits you but does no damage.
You hear a shout!
You hit the goblin but do no damage. You barely miss the hobgoblin.
A goblin comes into view. It is wielding a +0 dagger.
The hobgoblin hits you but does no damage.
The goblin hits you with a +0 dagger.
You slash the hobgoblin!
You kill the hobgoblin!
You hit the goblin.
You kill the goblin!
Robin throws the goblin at you!
A hobgoblin comes into view.
The goblin hits you but does no damage.
You hit Robin.
Robin is moderately wounded.
You closely miss the goblin. The goblin hits you but does no damage.
Robin roars a battlecry!
The hobgoblin goes into a battle-frenzy!
You hit Robin but do no damage. You headbutt Robin.
Robin is heavily wounded.
You closely miss the goblin. You block the goblin's attack.
You block Robin's attack. Robin barely misses you.
The goblin closely misses you.
You slash Robin!
You kill Robin!
You barely miss the goblin. The goblin misses you.
Your Shields skill increases to level 4!
You hit the hobgoblin.
You kill the hobgoblin!
You barely miss the goblin. The goblin hits you but does no damage.
You hit the goblin.
You kill the goblin!
Items here: ))))) [[ ††††.
No target in view!
No target in view!
You now have 56 gold pieces (gained 7).
Found a ring mail.
You see here a +0 ring mail.
A hobgoblin comes into view.
Found Varisith's Weapon Emporium.
Found a faded altar of an unknown god.
The hobgoblin shouts!
A hobgoblin is nearby!
A hobgoblin is nearby!
Found 2 gold pieces.
You block the hobgoblin's attack.
You closely miss the hobgoblin. The hobgoblin hits you.
You closely miss the hobgoblin. You headbutt the hobgoblin.
You kill the hobgoblin!
Your Armour skill increases to level 4!
No target in view!
No target in view!
Found a stone staircase leading down.
No target in view!
You now have 58 gold pieces (gained 2).
There is a faded altar of an unknown god here.
Found a hammer.
Found a runed translucent door.
Crazy Yiuf shouts!
Crazy Yiuf yells, "Whiteboard return to song noodlescoop!"
You open the door.
There is an open door here.
There is an entrance to Varisith's Weapon Emporium here.
Search for what [Enter for "chain", or ? for help]? alta
There is a stone staircase leading down here.
You open the door.
There is an open door here.
There is a faded altar of an unknown god here.
This altar belongs to (a) Kikubaaqudgha, (b) Qazlal or (c) Jiyva, but you can't tell which.
Press the corresponding letter to learn more about a god, or press enter to convert or escape to cancel.
Okay, then.
This altar belongs to (a) Kikubaaqudgha, (b) Qazlal or (c) Jiyva, but you can't tell which.
Press the corresponding letter to learn more about a god, or press enter to convert or escape to cancel.
Qazlal accepts your prayer! Qazlal welcomes you!
Qazlal grants you and your divine allies immunity to clouds.
You are now surrounded by a storm.
Unknown command.
Press < or > to pray at altars.
Are you sure you want to abandon this character and quit the game? (Confirm with "yes".)

♣ ♣♣.#.......#..#..#
♣♣♣♣.........##.###.#
..♣......###......#.####
♣♣.♣.P#.##
#...........#####
♣♣♣♣♣###
#...............#
#.####..........###.###
####
#...#............##...#
...#
#........####≈≈####.#
##.#
#.#....@.'..>..∩..'.#
#.#......############
### ###...####.......#
..##.....## #......##
#.#..##..# #......#
#...# #..# #...#.##
#..####..# ###...# #
#..##...## ##...
####..##.#..# ...#


There were no monsters in sight!

Vanquished Creatures
  Robin (D:2)
  A ribbon worm (D:2)
  3 endoplasms
  A giant cockroach (D:1)
  8 goblins (D:2)
  6 hobgoblins
  A quokka (D:1)
  4 bats (D:1)
  A frilled lizard (D:2)
  4 kobolds
  3 rats
33 creatures vanquished.

Notes
Turn   | Place    | Note
-------+----------+-------------------------------------------
     0 | D:1      | Flugkiller the Minotaur Fighter began the quest for the
                  | Orb.
     0 | D:1      | Reached XP level 1. HP: 19/19 MP: 0/0
   364 | D:1      | Reached XP level 2. HP: 25/27 MP: 1/1
  1408 | D:2      | Found a white marble altar of Elyvilon.
  1484 | D:2      | Noticed Robin
  1494 | D:2      | Reached XP level 3. HP: 22/33 MP: 2/2
  1501 | D:2      | Killed Robin
  1568 | D:2      | Found a faded altar of an unknown god.
  1568 | D:2      | Found Varisith's Weapon Emporium.
  1629 | D:2      | Found a runed translucent door.
  1630 | D:2      | Noticed Crazy Yiuf
  1694 | D:2      | Prayed at the altar of an unknown god.
  1694 | D:2      | Became a worshipper of Qazlal Stormbringer
  1694 | D:2      | Reached * piety under Qazlal
  1695 | D:2      | Quit the game

Illustrated notes

Levels and vault maps discovered:
D:1:      lightli_arrival_quake, layout_basic, serial_curves, eino_curves_03,
          eino_curves_01
D:2:      layout_rooms, basic_ecumenical_altar, serial_shops,
          nicolae_shop_hallway_stairs, basic_altar, grunt_decor_cap,
          uniq_crazy_yiuf_cottage, uniq_robin

Skill      XL: |  1  2  3 |
---------------+----------+-----
Fighting       | 4 |  4.4
Axes           | 3 |  3.4
Shields        | 4 |  4.0
Armour         | 4 |  4.0

Action                     || total
---------------------------++-------
  Melee: War axe           ||    52
         Headbutt          ||    13
 Armour: Scale mail        ||    11
         Chain mail        ||    32
  Dodge: Dodged            ||    16
  Block: Buckler           ||    13
